 Dungeon Crawl Stone Soup version 0.26-a0-1191-ge2a0e31ab3 (webtiles) character file.

Game seed: 897257484125416246

120 Azzok the Skirmisher (level 4, -1/37 HPs)
             Began as a Demonspawn Fighter on Dec 28, 2020.
             Killed by nerve-wracking pain
             ... invoked by an orc priest
              (6 damage)
             ... on level 3 of the Dungeon.
             The game lasted 00:02:22 (3081 turns).

Azzok the Skirmisher (Demonspawn Fighter)           Turns: 3081, Time: 00:02:23

Health: -1/37      AC: 12    Str: 18    XL:     4   Next: 75%
Magic:  4/4        EV:  4    Int:  9    God:
Gold:   85         SH:  9    Dex: 12    Spells: 3/3 levels left

rFire    . . .     SeeInvis +   a - +0 war axe
rCold    . . .     Faith    .   c - +0 kite shield
rNeg     + . .     Spirit   .   l - +0 chain mail
rPois    .         Reflect  .   (no helmet)
rElec    .         Harm     .   (no cloak)
rCorr    .         Rampage  .   (no gloves)
Will     .....                  u - +2 pair of boots
Stlth    ..........             (no amulet)
HPRegen  0.12/turn              g - ring of positive energy
MPRegen  0.09/turn              t - ring of see invisible

@: slowed, very slow
A: powered by pain 1
a: no special abilities


You were on level 3 of the Dungeon.
You visited 1 branch of the dungeon, and saw 3 of its levels.

You collected 85 gold pieces.

Inventory:

Hand Weapons
 a - a +0 war axe (weapon)
 o - a +2 antimagic dagger
Armour
 c - a +0 kite shield (worn)
 l - a +0 chain mail (worn)
 u - a +2 pair of boots (worn)
Jewellery
 g - a ring of positive energy (left hand)
 t - a ring of see invisible (right hand)
Scrolls
 e - 2 scrolls of identify {unknown}
 f - 3 scrolls of blinking {unknown}
 h - a scroll of amnesia {unknown}
 k - 3 scrolls of teleportation {unknown}
 m - 4 scrolls of remove curse {unknown}
 q - a scroll of random uselessness {unknown}
 s - a scroll of fear {unknown}
Potions
 b - a potion of degeneration {unknown}
 d - 2 potions of might
 i - 2 potions of resistance {unknown}
 j - 3 potions of curing {unknown}
 n - a potion of heal wounds {unknown}
 p - a potion of magic {unknown}
 r - 2 potions of cancellation {unknown}
 v - a potion of invisibility {unknown}


   Skills:
 + Level 3.8 Fighting
 + Level 2.6 Axes
 + Level 3.3 Armour
 + Level 3.4 Shields


You had 3 spell levels left.
You didn't know any spells.
Your spell library was empty.

Dungeon Overview and Level Annotations

Branches:
Dungeon (3/15)

Altars:
Cheibriados
Elyvilon
Qazlal
Vehumet


Innate Abilities, Weirdness & Mutations

You sometimes gain a little power by taking damage.


Message History

The orc wizard hits you but does no damage.
You hit the orc priest.
The orc priest is moderately wounded.
You closely miss the orc wizard.
The orc wizard casts a spell.
The orc wizard blinks!
The orc wizard hits you but does no damage.
You block the orc priest's attack. You block the orc wizard's attack.
The orc priest hits you but does no damage.
You slash the orc priest!
The orc priest is almost dead.
You closely miss the orc wizard. You block the orc wizard's attack.
The orc wizard gestures at you while chanting.
You resist with some effort. You block the orc priest's attack.
The orc wizard hits you but does no damage.
The orc wizard casts a spell at you.
The magic dart hits you but does no damage.
The orc priest calls down the wrath of Beogh upon you.
Pain shoots through your body!
You die...

▒▒▒ ▒▒▒▒▒▒▒▒▒ ▒··
········▒ ▒o▒
▒·······▒ ▒o▒
▒(······▒▒ ▒@▒
··†······▒ ▒o▒
····(····▒▒▒▒▒▒▒·▒
▒·†··············▒
··········▒▒▒▒▒▒▒▒
▒·▒▒▒▒▒▒··▒
▒·▒▒▒▒▒▒··▒
▒·········▒
▒·▒▒▒▒▒▒▒·▒


You could see an orc priest, an orc wizard (fast) and an orc.

Vanquished Creatures
  3 adders (D:3)
  2 oozes (D:1)
  7 worms
  A dart slug (D:3)
  2 leopard geckos
  2 orcs (D:3)
  3 giant cockroaches
  5 goblins
  7 hobgoblins
  2 jackals (D:3)
  9 kobolds
  2 ball pythons
  5 bats
  2 frilled lizards (D:2)
  5 rats
57 creatures vanquished.

Notes
Turn   | Place    | Note
-------+----------+-------------------------------------------
     0 | D:1      | Azzok the Demonspawn Fighter began the quest for the Orb.
     0 | D:1      | Reached XP level 1. HP: 18/18 MP: 1/1
   245 | D:1      | Gained mutation: You sometimes gain a little power by
                  | taking damage. [demonic ancestry]
   245 | D:1      | Reached XP level 2. HP: 24/24 MP: 2/2
  1207 | D:2      | Reached XP level 3. HP: 21/29 MP: 3/3
  1871 | D:2      | Found a white marble altar of Elyvilon.
  2191 | D:3      | Found a radiant altar of Vehumet.
  2203 | D:3      | Reached XP level 4. HP: 23/35 MP: 4/4
  2699 | D:3      | Found a stormy altar of Qazlal.
  2825 | D:3      | Found a snail-covered altar of Cheibriados.
  3081 | D:3      | Killed from afar by an orc priest

Illustrated notes

Levels and vault maps discovered:
D:1:      dpeg_chamrin_arrival_tetris, layout_basic, serial_corexii_hall,
          corexii_hall_statues_l, corexii_hall_statues_l
D:2:      layout_loops_ring, nicolae_overflow_crystal_walls, minmay_pentomino_w2
D:3:      layout_loops_ring, kennysheep_slug_shrine, grunt_qazlal_clouds,
          vehumet_crystals

Skill      XL: |  1  2 |
---------------+-------+-----
Axes           | 2 |  2.6
Shields        | 3 |  3.4
Armour         | 3 |  3.3
Fighting       | |  3.8

Action                   |  1- 3 |  4- 6 || total
-------------------------+-------+-------++-------
Melee: War axe           |   132 |    69 ||   201
Armor: Scale mail        |    31 |       ||    31
       Chain mail        |    28 |    60 ||    88
Dodge: Dodged            |    22 |    19 ||    41
Block: Kite shield       |    74 |    42 ||   116

Table legend: (Time is in decaauts)
 A = Elapsed time spent in this place.
 B = Non-inter-level travel time spent in this place.
 C = Inter-level travel time spent in this place.
 D = Time resting spent in this place.
 E = Time spent auto-exploring this place.
 F = Levels seen in this place.
 G = Mean time per level.
                   A        B        C        D        E       F      G
               +--------+--------+--------+--------+--------+-----+--------+
         Total |   3184 |   3131 |     53 |    129 |   2443 |   3 | 1061.3 |
       Dungeon |   3184 |   3131 |     53 |    129 |   2443 |   3 | 1061.3 |
               +--------+--------+--------+--------+--------+-----+--------+

Top non-repeatable levels by time:
     D:1: 1188 daAuts
     D:2: 1018 daAuts
     D:3: 977 daAuts
